MID
BINGHAMTON METS @ GREENSBORO GRASSHOPPERS
07/18/2045
 
TOP OF THE 1ST
Binghamton Mets batting - Pitching for Greensboro Grasshoppers : RHP Tim Barnett
Pitching: RHP Tim Barnett
Batting: LHB Mike Condon 0-0: Ball
1-0: DOUBLE (Flyball, 8RD, EV 95.0 MPH)
Batting: LHB Bayesa Mundhir 0-0: Foul Ball, location: 2F
0-1: Ball
1-1: Ground out 4-3 (Groundball, 4M, EV 84.4 MPH)
Mike Condon to third
Batting: LHB Adam Barry 0-0: Called Strike
0-1: Foul Ball, location: 2F
0-2: Fly out, F7 (Flyball, 78S, EV 85.6 MPH)
Batting: RHB Gang-sheng Chew 0-0: Called Strike
0-1: Ball
1-1: Foul Ball, location: 2F
1-2: Strikes out swinging
Top of the 1st over - 0 runs, 1 hit, 0 errors, 1 left on base; Binghamton 0 - Greensboro 0
BOTTOM OF THE 1ST
Greensboro Grasshoppers batting - Pitching for Binghamton Mets : RHP Felipe Hinojosa
Pitching: RHP Felipe Hinojosa
Batting: RHB Gavin Helton 0-0: Ball
1-0: Foul Ball, location: 2F
1-1: DOUBLE (Line Drive, 9LM, EV 100.6 MPH)
Batting: LHB Jose Cabello 0-0: Ball
1-0: Ground out 4-3 (Groundball, 4, EV 101.9 MPH)
Gavin Helton to third
Batting: RHB Jake Shelton 0-0: Ground out 6-3 (Groundball, 56D, EV 85.0 MPH)
Gavin Helton scores
Batting: LHB Emilio Cordero 0-0: Ball
1-0: Foul Ball, location: 2F
1-1: Called Strike
1-2: Ball
2-2: SINGLE (Groundball, 34D, EV 103.8 MPH)
Batting: RHB Kyle Ashton 0-0: SINGLE (Line Drive, 5D, EV 93.8 MPH)
Emilio Cordero to second
Batting: RHB Jerry Delgado 0-0: Ball
1-0: Ball
2-0: Ball
3-0: Called Strike
3-1: Foul Ball, location: 2F
3-2: Base on Balls
Emilio Cordero to third
Kyle Ashton to second
Batting: RHB Jordan Arcidez 0-0: Ball
1-0: Called Strike
1-1: DOUBLE (Flyball, 8RXD, EV 101.2 MPH)
Emilio Cordero scores
Kyle Ashton scores
Jerry Delgado to third
Runner from 3rd tries for Home, SAFE, throw by CF to home
Batting: RHB Humberto Oros 0-0: Ball
1-0: Fly out, F4 (Popup, 4, EV 60.6 MPH)
Bottom of the 1st over - 4 runs, 4 hits, 0 errors, 1 left on base; Binghamton 0 - Greensboro 4
TOP OF THE 2ND
Binghamton Mets batting - Pitching for Greensboro Grasshoppers : RHP Tim Barnett
Batting: LHB Javy Cavazos 0-0: Foul Ball, location: 2F
0-1: Ball
1-1: Ball
2-1: SINGLE (Groundball, 4MD, EV 106.9 MPH)
Batting: RHB Ben Herman 0-0: Swinging Strike
0-1: Swinging Strike
0-2: Foul Ball, location: 2F
0-2: Ball
1-2: Strikes out swinging
Batting: RHB Dave Conde 0-0: Ball
1-0: Ball
2-0: Ball
3-0: Called Strike
3-1: Swinging Strike
3-2: Strikes out swinging
Batting: RHB Tetsuhiro Taki 0-0: Called Strike
0-1: Ball
1-1: Swinging Strike
1-2: Foul Ball, location: 2F
1-2: Foul Ball, location: 2F
1-2: Ball
2-2: Foul Ball, location: 2F
2-2: Foul Ball, location: 2F
2-2: Strikes out swinging
Top of the 2nd over - 0 runs, 1 hit, 0 errors, 1 left on base; Binghamton 0 - Greensboro 4
BOTTOM OF THE 2ND
Greensboro Grasshoppers batting - Pitching for Binghamton Mets : RHP Felipe Hinojosa
Batting: RHB Marco Sianez 0-0: Called Strike
0-1: Swinging Strike
0-2: Ball
1-2: Strikes out swinging
Batting: RHB Gavin Helton 0-0: Ball
1-0: SINGLE (Groundball, 34D, EV 100.0 MPH)
Batting: LHB Jose Cabello 0-0: Ball
1-0: Ball
2-0: Foul Ball, location: 2F
2-1: Fielders Choice at 2nd, 4-6 (Groundball, 34D, EV 80.6 MPH)
Batting: RHB Jake Shelton 0-0: Ball
Jose Cabello is caught stealing 2nd base 2-4
Bottom of the 2nd over - 0 runs, 1 hit, 0 errors, 0 left on base; Binghamton 0 - Greensboro 4
TOP OF THE 3RD
Binghamton Mets batting - Pitching for Greensboro Grasshoppers : RHP Tim Barnett
Batting: LHB Mike Pesek 0-0: Ground out 6-3 (Groundball, P, EV 81.9 MPH)
Batting: LHB Mike Condon 0-0: Called Strike
0-1: Ball
1-1: Called Strike
1-2: DOUBLE (Line Drive, 7LM, EV 98.1 MPH)
Batting: LHB Bayesa Mundhir 0-0: Ground out U3 (Groundball, 34S, EV 68.1 MPH)
Mike Condon to third
Batting: LHB Adam Barry 0-0: Ball
1-0: Foul Ball, location: 2F
1-1: Ball
2-1: Called Strike
2-2: Ball
3-2: Base on Balls
Batting: RHB Gang-sheng Chew 0-0: Swinging Strike
0-1: Ball
1-1: Called Strike
1-2: Strikes out swinging
Top of the 3rd over - 0 runs, 1 hit, 0 errors, 2 left on base; Binghamton 0 - Greensboro 4
BOTTOM OF THE 3RD
Greensboro Grasshoppers batting - Pitching for Binghamton Mets : RHP Felipe Hinojosa
Batting: RHB Jake Shelton 0-0: Ball
1-0: Foul Ball, location: 2F
1-1: Ball
2-1: Ball
3-1: DOUBLE (Flyball, 8RXD, EV 106.9 MPH)
Batting: LHB Emilio Cordero 0-0: Called Strike
0-1: Foul Ball, location: 2F
0-2: Ball
1-2: Ball
2-2: Ball
3-2: Foul Ball, location: 2F
3-2: Ground out 3-1 (Groundball, 34S, EV 78.1 MPH)
Jake Shelton to third
Batting: RHB Kyle Ashton 0-0: Ball
1-0: Called Strike
1-1: Ball
2-1: Called Strike
2-2: Foul Ball, location: 2F
2-2: Strikes out looking
Batting: RHB Jerry Delgado 0-0: Ground out 5-3 (Groundball, 56S, EV 85.6 MPH)
Bottom of the 3rd over - 0 runs, 1 hit, 0 errors, 1 left on base; Binghamton 0 - Greensboro 4
TOP OF THE 4TH
Binghamton Mets batting - Pitching for Greensboro Grasshoppers : RHP Tim Barnett
Batting: LHB Javy Cavazos 0-0: Swinging Strike
0-1: Ball
1-1: Foul Ball, location: 2F
1-2: Foul Ball, location: 2F
1-2: Strikes out swinging
Batting: RHB Ben Herman 0-0: Foul Ball, location: 2F
0-1: Ball
1-1: Foul Ball, location: 2F
1-2: Strikes out looking
Batting: RHB Dave Conde 0-0: Ground out 6-3 (Groundball, 6, EV 83.8 MPH)
Top of the 4th over - 0 runs, 0 hits, 0 errors, 0 left on base; Binghamton 0 - Greensboro 4
BOTTOM OF THE 4TH
Greensboro Grasshoppers batting - Pitching for Binghamton Mets : RHP Felipe Hinojosa
Batting: RHB Jordan Arcidez 0-0: Foul Ball, location: 2F
0-1: Ball
1-1: Foul Ball, location: 2F
1-2: Ball
2-2: Fly out, F4 (Popup, 34, EV 63.8 MPH)
Batting: RHB Humberto Oros 0-0: Ball
1-0: SINGLE (Flyball, 7S, EV 84.4 MPH)
Batting: RHB Marco Sianez 0-0: Ball
1-0: Swinging Strike
1-1: Ball
Humberto Oros steals 2nd base
2-1: Ground out 6-3 (Groundball, 6, EV 78.1 MPH)
Batting: RHB Gavin Helton 0-0: Ground out U3 (Groundball, 3, EV 81.9 MPH)
Bottom of the 4th over - 0 runs, 1 hit, 0 errors, 1 left on base; Binghamton 0 - Greensboro 4
TOP OF THE 5TH
Binghamton Mets batting - Pitching for Greensboro Grasshoppers : RHP Tim Barnett
Batting: RHB Tetsuhiro Taki 0-0: Foul Ball, location: 2F
0-1: Swinging Strike
0-2: Strikes out swinging
Batting: LHB Mike Pesek 0-0: Ground out 1-3 (Groundball, 15S, EV 69.4 MPH)
Batting: LHB Mike Condon 0-0: Ball
1-0: Ball
2-0: Called Strike
2-1: Ground out 1-3 (Groundball, 15S, EV 73.8 MPH)
Top of the 5th over - 0 runs, 0 hits, 0 errors, 0 left on base; Binghamton 0 - Greensboro 4
BOTTOM OF THE 5TH
Greensboro Grasshoppers batting - Pitching for Binghamton Mets : RHP Felipe Hinojosa
Batting: LHB Jose Cabello 0-0: TRIPLE (Flyball, 89XD, EV 105.0 MPH)
Batting: RHB Jake Shelton 0-0: Ball
1-0: Called Strike
1-1: Ball
2-1: Foul Ball, location: 2F
2-2: Strikes out looking
Batting: LHB Emilio Cordero 0-0: Ball
1-0: Ball
2-0: SINGLE (Groundball, 34D, EV 103.8 MPH)
Jose Cabello scores
Batting: RHB Kyle Ashton 0-0: Ball
1-0: Ball
2-0: Fly out, F7 (Flyball, 78M, EV 83.8 MPH)
Batting: RHB Jerry Delgado 0-0: Called Strike
0-1: Ball
1-1: TRIPLE (Flyball, 9LD, EV 98.8 MPH)
Emilio Cordero scores
Pinch Runner at 3rd Willie Chavez:
Batting: RHB Jordan Arcidez 0-0: Ball
1-0: Ball
2-0: Ball
3-0: Called Strike
3-1: SINGLE (Groundball, 6MD, EV 98.1 MPH)
Willie Chavez scores
Batting: RHB Humberto Oros 0-0: Ball
1-0: Fielders Choice at 2nd, 6-4 (Groundball, 6, EV 78.8 MPH)
Bottom of the 5th over - 3 runs, 4 hits, 0 errors, 1 left on base; Binghamton 0 - Greensboro 7
TOP OF THE 6TH
Binghamton Mets batting - Pitching for Greensboro Grasshoppers : RHP Tim Barnett
Now at 3B: Willie Chavez
Now in CF: Marco Sianez
Batting: LHB Bayesa Mundhir 0-0: Ball
1-0: Foul Ball, location: 2F
1-1: Ground out U3 (Groundball, 3, EV 93.8 MPH)
Batting: LHB Adam Barry 0-0: Ball
1-0: Called Strike
1-1: Ball
2-1: Ball
3-1: Ground out 5-3 (Groundball, 56, EV 79.4 MPH)
Batting: RHB Gang-sheng Chew 0-0: Ball
1-0: Called Strike
1-1: Foul Ball, location: 2F
1-2: Ball
2-2: Foul Ball, location: 2F
2-2: Ground out 5-3 (Groundball, 56S, EV 87.5 MPH)
Top of the 6th over - 0 runs, 0 hits, 0 errors, 0 left on base; Binghamton 0 - Greensboro 7
BOTTOM OF THE 6TH
Greensboro Grasshoppers batting - Pitching for Binghamton Mets : RHP Felipe Hinojosa
Batting: RHB Marco Sianez 0-0: Called Strike
0-1: Ball
1-1: Ball
2-1: DOUBLE (Line Drive, 3D, EV 95.6 MPH)
Batting: RHB Gavin Helton 0-0: Ball
1-0: Foul Ball, location: 2F
1-1: Swinging Strike
1-2: Ball
2-2: Strikes out looking
Batting: LHB Jose Cabello 0-0: Called Strike
0-1: Ball
1-1: Ball
2-1: Ball
3-1: Ground out 1-3 (Groundball, 34S, EV 63.8 MPH)
Marco Sianez to third
Batting: RHB Jake Shelton 0-0: Ball
1-0: Foul Ball, location: 2F
1-1: Ball
2-1: Ball
3-1: Base on Balls
Pitching: RHP Jarred Sharp
Batting: LHB Emilio Cordero 0-0: Foul Ball, location: 2F
0-1: Ball
1-1: Ground out U3 (Groundball, 34, EV 101.9 MPH)
Bottom of the 6th over - 0 runs, 1 hit, 0 errors, 2 left on base; Binghamton 0 - Greensboro 7
TOP OF THE 7TH
Binghamton Mets batting - Pitching for Greensboro Grasshoppers : RHP Tim Barnett
Pitching: RHP Marco Quezada
Batting: LHB Javy Cavazos 0-0: Called Strike
0-1: Foul Ball, location: 2F
0-2: Ground out 4-3 (Groundball, 4S, EV 93.8 MPH)
Batting: RHB Ben Herman 0-0: Ball
1-0: Called Strike
1-1: Ball
2-1: Foul Ball, location: 2F
2-2: Foul Ball, location: 2F
2-2: SINGLE (Line Drive, 4D, EV 96.9 MPH)
DELAY Rain delay of 38 minutes in the 7th inning.
Batting: RHB Dave Conde 0-0: Called Strike
0-1: Ball
Ben Herman steals 2nd base (no throw)
1-1: Swinging Strike
1-2: Foul Ball, location: 2F
1-2: Foul Ball, location: 2F
1-2: Strikes out swinging
Batting: RHB Tetsuhiro Taki 0-0: Called Strike
0-1: Called Strike
0-2: Ball
1-2: Ball
2-2: Ball
3-2: Foul Ball, location: 2F
3-2: Strikes out looking
Top of the 7th over - 0 runs, 1 hit, 0 errors, 1 left on base; Binghamton 0 - Greensboro 7
BOTTOM OF THE 7TH
Greensboro Grasshoppers batting - Pitching for Binghamton Mets : RHP Jarred Sharp
Batting: RHB Kyle Ashton 0-0: Foul Ball, location: 2F
0-1: Called Strike
0-2: Ball
1-2: Ball
2-2: Ball
3-2: Base on Balls
Pinch Hitting: RHB Manny Gonzalez 0-0: Called Strike
0-1: Ball
1-1: Ball
2-1: Called Strike
2-2: Ball
3-2: Foul Ball, location: 2F
3-2: Ground out 6-3 (Groundball, 4M, EV 100.6 MPH)
Kyle Ashton to second
Batting: RHB Jordan Arcidez 0-0: Ball
1-0: Foul Ball, location: 2F
1-1: Swinging Strike
1-2: Ball
2-2: DOUBLE (Line Drive, 9LS, EV 108.8 MPH)
Kyle Ashton scores
Pitching: LHP Jonathan O'Donnell
Batting: RHB Humberto Oros 0-0: Ball
1-0: Foul Ball, location: 2F
1-1: Ball
2-1: Ball
3-1: Called Strike
3-2: Foul Ball, location: 2F
3-2: Foul Ball, location: 2F
3-2: Ground out 6-3 (Groundball, 56D, EV 83.8 MPH)
Batting: RHB Marco Sianez 0-0: Called Strike
0-1: Called Strike
0-2: Ball
1-2: Foul Ball, location: 2F
1-2: Ball
2-2: Foul Ball, location: 2F
2-2: Fly out, F9 (Flyball, 9LS, EV 93.8 MPH)
Bottom of the 7th over - 1 run, 1 hit, 0 errors, 1 left on base; Binghamton 0 - Greensboro 8
TOP OF THE 8TH
Binghamton Mets batting - Pitching for Greensboro Grasshoppers : RHP Marco Quezada
Now at 3B: Manny Gonzalez
Batting: LHB Mike Pesek 0-0: Ball
1-0: Ball
2-0: Called Strike
2-1: Fly out, F9 (Flyball, 89M, EV 87.5 MPH)
Batting: LHB Mike Condon 0-0: Ball
1-0: Ball
2-0: Ball
3-0: Base on Balls
Pitching: RHP Jeremy Akande
Batting: LHB Bayesa Mundhir 0-0: Ball
1-0: SINGLE (Line Drive, 5D, EV 94.4 MPH)
Mike Condon to second
Batting: LHB Adam Barry 0-0: Called Strike
0-1: Called Strike
0-2: Hit by Pitch
Mike Condon to third
Bayesa Mundhir to second
Pinch Hitting: SHB Tadaaki Kondo 0-0: Ball
1-0: Called Strike
1-1: Foul Ball, location: 2F
1-2: Ground out 6-3 (Groundball, 4, EV 76.2 MPH)
Mike Condon scores
Bayesa Mundhir to third
Adam Barry to second
Batting: LHB Javy Cavazos 0-0: Foul Ball, location: 2F
0-1: Foul Ball, location: 2F
0-2: Ball
1-2: Foul Ball, location: 2F
1-2: Ball
2-2: Foul Ball, location: 2F
2-2: Foul Ball, location: 2F
2-2: Foul Ball, location: 2F
2-2: Strikes out swinging
Top of the 8th over - 1 run, 1 hit, 0 errors, 2 left on base; Binghamton 1 - Greensboro 8
BOTTOM OF THE 8TH
Greensboro Grasshoppers batting - Pitching for Binghamton Mets : LHP Jonathan O'Donnell
Now at 3B: Tadaaki Kondo
Batting: RHB Gavin Helton 0-0: Hit by Pitch
Batting: LHB Jose Cabello 0-0: Ball
1-0: Foul Ball, location: 2F
1-1: DOUBLE (Flyball, 9LD, EV 110.6 MPH)
Gavin Helton to third
Pitching: LHP Mike Capers
Batting: RHB Jake Shelton 0-0: Called Strike
0-1: Ball
1-1: Ball
2-1: Ball
3-1: Called Strike
3-2: Base on Balls
Batting: LHB Emilio Cordero 0-0: Ball
1-0: Foul Ball, location: 2F
1-1: Swinging Strike
1-2: Foul Ball, location: 2F
1-2: Ball
2-2: Strikes out looking
Batting: RHB Kyle Ashton 0-0: Ball
1-0: Ball
2-0: Ball
3-0: Base on Balls
Gavin Helton scores
Jose Cabello to third
Jake Shelton to second
Batting: RHB Manny Gonzalez 0-0: Fielders Choice at 2nd, 5-4 (Groundball, 56S, EV 86.2 MPH)
Jose Cabello scores
Jake Shelton to third
Batting: RHB Jordan Arcidez 0-0: Ball
1-0: Fielders Choice at 2nd, 6-4 (Groundball, 56D, EV 81.2 MPH)
Bottom of the 8th over - 2 runs, 1 hit, 0 errors, 2 left on base; Binghamton 1 - Greensboro 10
TOP OF THE 9TH
Binghamton Mets batting - Pitching for Greensboro Grasshoppers : RHP Jeremy Akande
Batting: RHB Ben Herman 0-0: Swinging Strike
0-1: Swinging Strike
0-2: Foul Ball, location: 2F
0-2: Ball
1-2: Strikes out swinging
Batting: RHB Dave Conde 0-0: Called Strike
0-1: Foul Ball, location: 2F
0-2: Ball
1-2: Strikes out swinging
Batting: RHB Tetsuhiro Taki 0-0: Ball
1-0: Ball
2-0: Called Strike
2-1: Foul Ball, location: 2F
2-2: Strikes out swinging
Top of the 9th over - 0 runs, 0 hits, 0 errors, 0 left on base; Binghamton 1 - Greensboro 10
Wednesday, June 22nd , 2022 - OOTP Baseball 23.4 Build 64